 Dungeon Crawl Stone Soup version 0.29.1-1-gd02db69 (webtiles) character file.

Game seed: 8445102942373195106

1912 Elepheyn the Slasher (level 9, -6/69 HPs)
             Began as a Human Delver on Apr 3, 2023.
             Was an Initiate of the Shining One.
             Mangled by an eight-headed hydra (12 damage)
             ... on level 7 of the Dungeon.
             The game lasted 00:39:37 (7003 turns).

Elepheyn the Slasher (Human Delver)                 Turns: 7003, Time: 00:39:39

Health: -6/69      AC: 17    Str: 17    XL:     9   Next: 39%
Magic:  9/9        EV:  5    Int: 11    God:    the Shining One [......]
Gold:   412        SH:  5    Dex: 26    Spells: 8/8 levels left

rFire   . . .      SeeInvis .   w - +7 Singing Sword {vorpal, sonic wave}
rCold   . . .      Faith    .   K - +0 buckler
rNeg    . . .      Spirit   .   b - +0 plate armour
rPois   .          Reflect  .   E - +1 helmet
rElec   .          Harm     .   O - +2 cloak {Will+}
rCorr   .          Rampage  .   P - +0 pair of gloves
Will    +....                   s - +0 pair of boots
Stlth   ..........              (no amulet)
HPRegen 0.21/turn               l - +6 ring of dexterity
MPRegen 0.11/turn               a - +6 ring of dexterity

@: glowing
A: no striking features
a: Renounce Religion


You were on level 7 of the Dungeon.
You worshipped the Shining One.
The Shining One was noncommittal.
You visited 2 branches of the dungeon, and saw 8 of its levels.

You collected 412 gold pieces.

Inventory:

Hand Weapons
 q - the +8 dagger of Flawed Execution {pain, Str+7 Int+9 Dex-3}
   (You found it on level 3 of the Dungeon)

   In the hands of one skilled in necromantic magic, it inflicts extra damage on
   living creatures.
   Str:       It affects your strength (+7).
   Int:       It affects your intelligence (+9).
   Dex:       It affects your dexterity (-3).
   The Shining One disapproves of the use of such an item.
 w - the +7 Singing Sword (weapon) {vorpal, sonic wave}
   (You found it on level 4 of the Dungeon)

   It inflicts extra damage upon your enemies.
   It radiates damaging sonic waves as it strikes, especially in combat
   involving dangerous or numerous foes.
Missiles
 m - 3 boomerangs
 A - 11 poisoned darts (quivered)
 L - 4 javelins
Armour
 b - a +0 plate armour (worn)
 s - a +0 pair of boots (worn)
 E - a +1 helmet (worn)
 J - a +2 scale mail of positive energy
 K - a +0 buckler (worn)
 O - a +2 cloak of willpower (worn)
 P - a +0 pair of gloves (worn)
Jewellery
 a - a +6 ring of dexterity (right hand)
 i - a ring of protection from fire
 j - a ring of ice
 l - a +6 ring of dexterity (left hand)
 u - a ring of resist corrosion
Wands
 g - a wand of digging (2)
 F - a wand of polymorph (3)
Scrolls
 c - a scroll of fog
 d - 3 scrolls of magic mapping
 k - a scroll of vulnerability {unknown}
 r - 3 scrolls of teleportation {unknown}
 v - a scroll of brand weapon {unknown}
 x - a scroll of summoning {unknown}
 y - 2 scrolls of butterflies
 z - 3 scrolls of poison {unknown}
 B - a scroll of enchant armour {unknown}
 G - a scroll of torment {unknown}
 H - a scroll of noise {unknown}
Potions
 f - 5 potions of haste
 h - a potion of heal wounds
 n - 5 potions of curing
 o - a potion of might {unknown}
 p - 4 potions of magic
 t - 3 potions of mutation
 C - a potion of berserk rage {unknown}
 D - a potion of resistance {unknown}
 I - a potion of lignification {unknown}
 M - 2 potions of cancellation
 N - a potion of degeneration {unknown}


   Skills:
 + Level 5.8 Fighting
 - Level 2.3(5.2) Short Blades
 * Level 7.3(7.5) Long Blades
 - Level 6.3 Axes
 - Level 0.2(3.9) Polearms
 - Level 0.1(0.2) Staves
 - Level 0.6 Ranged Weapons
 - Level 1.1 Armour
 - Level 2.0 Dodging
 - Level 5.0 Stealth
 - Level 1.4 Shields
 - Level 0.2 Transmutations
 - Level 0.4 Ice Magic
 - Level 0.4 Air Magic
 - Level 0.2 Invocations


You had 8 spell levels left.
You didn't know any spells.
Your spell library contained the following spells:

 Spells                   Type           Power      Damage    Failure   Level
 Foxfire                  Conj/Fire      0%         2x1d4     100%        1
 Slow                     Hex            0%         N/A       100%        1
 Confusing Touch          Hex            0%         N/A       100%        3
 Conjure Flame            Conj/Fire      0%         6-21      100%        3
 Inner Flame              Hex/Fire       0%         N/A       100%        3
 Stone Arrow              Conj/Erth      0%         3d7       100%        3
 Vampiric Draining        Necr           0%         2d6       100%        3
 Animate Armour           Summ/Erth      0%         N/A       100%        4
 Flame Wave               Conj/Fire      0%         2d4       100%        4
 Lehudib's Crystal Spear  Conj/Erth      0%         10d2      100%        8


Dungeon Overview and Level Annotations

Branches:
Dungeon (7/15)             Temple (1/1) D:6

Altars:
Ashenzari
Cheibriados
Dithmenos
Elyvilon
Fedhas
Hepliaklqana
Kikubaaqudgha
Makhleb
Nemelex Xobeh
Okawaru
Qazlal
Ru
Sif Muna
Trog
Vehumet
Wu Jian
Xom
Zin
The Shining One

Shops:
D:2 !(*?


Message History

There are monsters nearby!
You slice the white imp!!
The Screaming Sword thunders, "ENCORE!
ENCORE!
ENCORE!"
You send a blast of sound all around you.
The five-headed hydra is lightly wounded.
You kill the white imp!
The Shining One accepts your kill.
You hear a shout! x2
The five-headed hydra attacks as you move away!
You block the five-headed hydra's attack.
The five-headed hydra bites you. x3
You block the five-headed hydra's attack.
You hack one of the five-headed hydra's heads off!
The four-headed hydra grows two more!
You slash the six-headed hydra!
The Screaming Sword booms, "ABANDON ALL HOPE!"
You send a blast of sound all around you.
The six-headed hydra is severely wounded. x2
The six-headed hydra bites you but does no damage. x3
The six-headed hydra bites you. The six-headed hydra bites you!
The six-headed hydra bites you but does no damage.
You slice one of the six-headed hydra's heads off!
The five-headed hydra grows two more!
You slice the seven-headed hydra!!
The seven-headed hydra is almost dead.
The seven-headed hydra bites you. x2
The seven-headed hydra bites you but does no damage. x3
The seven-headed hydra barely misses you.
The seven-headed hydra bites you.
You lop one of the seven-headed hydra's heads off!
The six-headed hydra grows two more!
You slash the eight-headed hydra!
The eight-headed hydra is almost dead.
You block the eight-headed hydra's attack.
The eight-headed hydra bites you!
* * * LOW HITPOINT WARNING * * *
You block the eight-headed hydra's attack.
The eight-headed hydra bites you.
* * * LOW HITPOINT WARNING * * *
The eight-headed hydra bites you!
* * * LOW HITPOINT WARNING * * *
The eight-headed hydra bites you!
You die...

#.###.........####......###..
###.####.....5.....## #. #.#
##.####..###.## . #.# #.#
#..####.#... #.# ##.##
#..##5...... #.. ...
.......#.##.. ### #.#
##..####.# . .###########D#
#..# #.. ......†...<@.# #..#
#### ##############


You could see an eight-headed hydra.

Vanquished Creatures
  Eustachio (D:6)
  A black bear (D:6)
  An ice beast (D:6)
  2 ogres
  2 phantoms
  A bullfrog (D:6)
  2 necrophages (D:6)
  4 scorpions
  3 howler monkeys (D:7)
  5 hounds
  2 jellies (D:4)
  Crazy Yiuf (D:6)
  An orc priest (D:6)
  2 gnoll boudas
  4 iguanas
  An orc wizard (D:6)
  6 gnolls
  11 adders
  A shadow imp (D:6)
  A white imp (D:7)
  2 worms (D:2)
  3 dart slugs
  13 orcs
  7 endoplasms
  6 giant cockroaches
  11 goblins
  7 hobgoblins
  6 jackals
  14 kobolds
  5 quokkas
  6 ball pythons
  12 bats
  5 frilled lizards
  3 rats
  A spectral kobold (D:1)
153 creatures vanquished.

Vanquished Creatures (others)
  4 fungi (D:4)
  A plant (D:4)
5 creatures vanquished.

Grand Total: 158 creatures vanquished

Notes
Turn   | Place    | Note
-------+----------+-------------------------------------------
     0 | D:5      | Elepheyn the Human Delver began the quest for the Orb.
     0 | D:5      | Reached XP level 1. HP: 18/18 MP: 1/1
    21 | D:4      | Noticed an ogre
    21 | D:4      | Noticed an iguana
    29 | D:4      | Noticed a jelly
    38 | D:5      | Noticed a phantom
   418 | D:2      | Found Josch's Distillery.
   475 | D:2      | Reached XP level 2. HP: 18/24 MP: 2/2
   651 | D:2      | Found Nogeb's Weapon Emporium.
   793 | D:2      | Reached skill level 1 in Short Blades
   793 | D:2      | Reached XP level 3. HP: 15/25 MP: 3/3
  1062 | D:2      | Reached XP level 4. HP: 32/33 MP: 4/4
  1110 | D:2      | Found Heump's Magic Scroll Boutique.
  1231 | D:2      | Found Kyopuer's Assorted Antiques.
  1409 | D:1      | Reached skill level 1 in Axes
  1885 | D:1      | Reached XP level 5. HP: 41/41 MP: 5/5
  1970 | D:1      | Found a faded altar of an unknown god.
  2457 | D:3      | You fall into a shaft and drop 1 floor!
  2601 | D:3      | Identified the +8 dagger of Flawed Execution {pain, Str+7
                  | Int+9 Dex-3}
  3000 | D:4      | Killed an ogre
  3001 | D:4      | Reached XP level 6. HP: 39/47 MP: 6/6
  3179 | D:4      | Found a glowing golden altar of the Shining One.
  3482 | D:4      | Reached skill level 5 in Axes
  3482 | D:4      | Reached XP level 7. HP: 36/52 MP: 7/7
  4015 | D:4      | Found the +7 Singing Sword {vorpal, sonic wave}
  4282 | D:5      | Reached skill level 1 in Armour
  4475 | D:5      | Found a sacrificial altar of Ru.
  4514 | D:5      | Reached skill level 3 in Long Blades
  4514 | D:5      | Reached XP level 8. HP: 15/59 MP: 8/8
  4823 | D:5      | Reached skill level 1 in Shields
  5464 | D:6      | Noticed Eustachio
  5482 | D:6      | Killed Eustachio
  5483 | D:6      | Reached skill level 4 in Long Blades
  5547 | D:6      | Reached skill level 5 in Long Blades
  5647 | D:6      | Found a staircase to the Ecumenical Temple.
  5664 | Temple   | Entered the Ecumenical Temple
  5981 | D:4      | Became a worshipper of the Shining One
  6025 | D:6      | Reached skill level 5 in Fighting
  6029 | D:6      | Reached skill level 6 in Long Blades
  6029 | D:6      | Reached XP level 9. HP: 68/68 MP: 9/9
  6179 | D:6      | Found a runed translucent door.
  6180 | D:6      | Noticed Crazy Yiuf
  6538 | D:6      | Killed Crazy Yiuf
  6539 | D:6      | Reached skill level 7 in Long Blades
  6730 | D:7      | Noticed a four-headed hydra
  7003 | D:7      | Mangled by an eight-headed hydra

Illustrated notes

Levels and vault maps discovered:
D:1:      lightli_arrival_quake, layout_rooms,
          dreamdust_ecumenical_altar_drowned_temple
D:2:      layout_loops_ring, serial_shops, shop, shop, shop, shop,
          minmay_distorted
D:3:      layout_basic
D:4:      old_forge, layout_cave_pools, tso_metal_star
D:5:      layout_basic, nicolae_ru_awakened_eye
D:6:      layout_loops_ring, minmay_temple_entry_trees, due_unseen_surprise,
          uniq_crazy_yiuf_cottage, uniq_eustachio
D:7:      layout_loops_ring, nicolae_underground_beach
Temple:   minmay_temple_bridge_d

Skill      XL: |  1  2  3  4  5  6  7  8  9 |
---------------+----------------------------+-----
Short Blades   | 1 2 |  2.3
Axes           | 2 4 5 6 |  6.3
Armour         | 1 |  1.1
Long Blades    | 3 6 7 |  7.3
Shields        | 1 |  1.4
Fighting       | 5 |  5.8
Polearms       | |  0.2
Staves         | |  0.1
Ranged Weapons | |  0.6
Dodging        | |  2.0
Stealth        | |  5.0
Transmutations | |  0.2
Ice Magic      | |  0.4
Air Magic      | |  0.4
Invocations    | |  0.2

Action                   |  1- 3 |  4- 6 |  7- 9 || total
-------------------------+-------+-------+-------++-------
Melee: Falchion          |    44 |       |       ||    44
       Punch             |     1 |       |     2 ||     3
       Short sword       |    20 |   137 |       ||   157
       Dagger            |       |    50 |   138 ||   188
       Double sword      |       |       |    58 ||    58
Throw: Dart              |       |     3 |    13 ||    16
Evoke: Wand              |       |       |     1 ||     1
  Use: Potion            |       |       |     2 ||     2
       Scroll            |       |       |     6 ||     6
 Stab: Sleeping          |     3 |    11 |     3 ||    17
       Held in net/web   |       |       |     1 ||     1
Armor: Leather armour    |    15 |    56 |    24 ||    95
       Scale mail        |       |       |    15 ||    15
       Plate armour      |       |       |    56 ||    56
Dodge: Dodged            |    45 |   103 |    91 ||   239
Block: Buckler           |       |       |    29 ||    29
